 Dungeon Crawl Stone Soup version 0.21.0-24-g2553a33 (webtiles) character file.

2 tidbits the Magician (level 1, 5/20 HPs)
             Began as a Gnoll Wanderer on Jan 19, 2018.
             Quit the game on level 2 of the Dungeon.
             The game lasted 00:00:50 (63 turns).

tidbits the Magician (Gnoll Wanderer)                 Turns: 63, Time: 00:00:51

Health: 5/20       AC:  5    Str: 16    XL:     1   Next: 30%
Magic:  8/8        EV: 13    Int: 12    God:
Gold:   0          SH:  4    Dex: 14    Spells: 13/14 levels left

rFire    . . .     SeeInvis .   a - +0 club
rCold    . . .     Gourm    .   D - +0 buckler
rNeg     . . .     Faith    .   B - +2 leather armour
rPois    .         Spirit   .   (no helmet)
rElec    .         Reflect  .   (no cloak)
rCorr    .         Harm     .   (no gloves)
MR       .....                  (no boots)
Stlth    ++........             (no amulet)
HPRegen  0.06/turn              (no ring)
MPRegen  0.11/turn              (no ring)

@: very slightly contaminated
A: distributed training, fangs 1, strong nose
a: no special abilities


You were on level 2 of the Dungeon.
You were not hungry.

You visited 1 branch of the dungeon, and saw 2 of its levels.

Inventory:

Hand Weapons
 a - a +0 club (weapon)
Armour
 B - a +2 leather armour (worn)
 D - a +0 buckler (worn)
Books
 b - Jedanuos's Compendium of Unholy Secrets

   Spells                             Type                      Level
   a - Pain                           Necromancy                   1
   b - Vampiric Draining              Necromancy                   3
Comestibles
 f - a ration


   Skills:
 + Level 4.4 Fighting
 + Level 0.0 Short Blades
 + Level 0.0 Long Blades
 + Level 0.0 Axes
 + Level 0.0 Maces & Flails
 + Level 0.0 Polearms
 + Level 0.0 Staves
 + Level 0.0 Slings
 + Level 0.0 Bows
 + Level 0.0 Crossbows
 + Level 2.3 Throwing
 + Level 0.0 Armour
 + Level 4.4 Dodging
 + Level 2.1 Stealth
 + Level 2.3 Shields
 + Level 0.0 Unarmed Combat
 + Level 7.0 Spellcasting
 + Level 0.0 Conjurations
 + Level 0.0 Hexes
 + Level 0.0 Charms
 + Level 0.0 Summonings
 + Level 0.0 Necromancy
 + Level 0.0 Translocations
 + Level 0.0 Transmutations
 + Level 0.0 Fire Magic
 + Level 0.0 Ice Magic
 + Level 0.0 Air Magic
 + Level 0.0 Earth Magic
 + Level 0.0 Poison Magic
 + Level 0.0 Invocations
 + Level 0.0 Evocations


You had 13 spell levels left.
You knew the following spells:

 Your Spells              Type           Power        Failure   Level  Hunger
a - Pain                  Necr           #...         24%         1    None


Dungeon Overview and Level Annotations

Branches:
Dungeon (2/15)

Altars:

Annotations:
D:1 1 runed door


Innate Abilities, Weirdness & Mutations

Your experience applies equally to all skills.
You have very sharp teeth.
Your uncanny sense of smell can sniff out nearby items.


Message History

Adjust to which letter? (? for menu, Esc to quit)
D - a +0 buckler (worn)
Adjust (i)tems, (s)pells, or (a)bilities?
Adjust which item? (? for menu, Esc to quit)
d - a +0 club (weapon)
Adjust to which letter? (? for menu, Esc to quit)
a - a +0 club (weapon)
Memorise Pain, consuming 1 spell level and leaving 13?
You start memorising the spell.
You continue memorising.
You finish memorising.
Spell assigned to 'a'.
There is a stone staircase leading down here.
You climb downwards.
There is a stone staircase leading up here.
A worm comes into view.
Found a scroll labeled NONAEM YPSAOC and a quarterstaff.
Casting: Pain
Confirm with . or Enter, or press ? or * to list all spells.
Aiming: Pain
Press: ? - help, Shift-Dir - straight line, f - worm
Aim: a worm (chance to defeat MR: 53%)
The worm resists with significant effort.
Casting: Pain
Confirm with . or Enter, or press ? or * to list all spells.
Aiming: Pain
Press: ? - help, Shift-Dir - straight line, f/p - worm
Aim: a worm (chance to defeat MR: 53%)
The worm resists with significant effort.
You barely miss the worm. The worm bites you.
You hit the worm.
The worm is lightly wounded.
The worm bites you.
You hit the worm. Your bite misses the worm.
The worm is moderately wounded.
You hit the worm but do no damage. You bite the worm, but do no damage.
The worm is moderately wounded.
The worm closely misses you.
You hit the worm. You bite the worm.
The worm is moderately wounded.
The worm closely misses you.
You hit the worm but do no damage.
The worm is moderately wounded.
The worm bites you!
* * * LOW HITPOINT WARNING * * *
There is a stone staircase leading up here.
You climb upwards.
There is a stone staircase leading down here.
Unknown command.
A bat comes into view.
Found a runed door.
The ooze quivers.
There is a fountain of clear blue water here.
You open the door.
There is an open door here.
You close the door.
A goblin comes into view.
A kobold comes into view. It is wielding a club.
The kobold shouts!
Unknown command.
Casting: Pain
Confirm with . or Enter, or press ? or * to list all spells.
Aiming: Pain
Press: ? - help, Shift-Dir - straight line, f - goblin
Aim: a goblin (hasn't noticed you, chance to defeat MR: 62%)
The goblin shouts!
The goblin writhes in agony!
You kill the goblin!
Casting: Pain
Confirm with . or Enter, or press ? or * to list all spells.
Aiming: Pain
Press: ? - help, Shift-Dir - straight line, f - kobold
Aim: a kobold, wielding a club (chance to defeat MR: 62%)
You miscast Pain.
You are very lightly contaminated with residual magic.
You shiver with cold.
You closely miss the kobold. The kobold closely misses you.
You hit the kobold but do no damage. The kobold closely misses you.
You hit the kobold.
You kill the kobold!
Things that are here:
a club; a kobold corpse
Found a stone staircase leading down.
A bat and a hobgoblin come into view.
The hobgoblin shouts!
You block the bat's attack. The bat barely misses you.
There is a stone staircase leading down here.
You block the bat's attack.
The hobgoblin hits you but does no damage.
You climb downwards.
A bat and 3 jackals come into view.
The jackal barks!
You hear a bark!
The bat closely misses you. The bat barely misses you.
The bat closely misses you.
Found a stone staircase leading down.
A jackal comes into view.
There is a stone staircase leading up here.
You closely miss the bat. The bat hits you but does no damage.
The bat barely misses you. The jackal closely misses you.
The hobgoblin barely misses you. The bat barely misses you.
Are you sure you want to abandon this character and quit the game? (Confirm with "yes".)

#.# .# #.#
##.#
#.##.h.#
#.#...##
##......##
.h...>...
#gh....#
#@# #b#
#.# #.#
#.# #.#
#.# ...


You could see 3 jackals, a hobgoblin and a bat.

Vanquished Creatures
  A goblin (D:1)
  A kobold (D:1)
2 creatures vanquished.

Notes
Turn   | Place    | Note
-------+----------+-------------------------------------------
     0 | D:1      | tidbits the Gnoll Wanderer began the quest for the Orb.
     0 | D:1      | tidbits set off with: a +2 leather armour, Jedanuos's Compendium of Unholy Secrets, a +0 buckler, a +0 club, a ration
     0 | D:1      | Reached XP level 1. HP: 20/20 MP: 8/8
     0 | D:1      | Identified Jedanuos's Compendium of Unholy Secrets
     2 | D:1      | Learned a level 1 spell: Pain
    30 | D:1      | Found a runed door.
    63 | D:2      | Quit the game

Action                   || total
-------------------------++-------
Melee: Club              ||    10
       Bite              ||     2
 Cast: Pain              ||     3
Armor: Leather armour    ||     2
Dodge: Dodged            ||    12
Block: Buckler           ||     2

Table legend:
 A = Turns spent in this place as a percentage of turns spent in the entire game.
 B = Non-inter-level travel turns spent in this place as a percentage of non-inter-level travel turns spent in the entire game.
 C = Inter-level travel turns spent in this place as a percentage of turns spent in this place.
 D = Turns resting spent in this place as a percentage of non-inter-level travel turns spent in this place.
 E = Turns spent auto-exploring this place as a percentage of non-inter-level travel turns spent in this place.
 F = Non-inter-level travel turns spent in this place divided by the number of levels of this place that you've seen.
                   A       B       C       D       E      F
               +-------+-------+-------+-------+-------+----------------------
         Total | 100.0 | 100.0 |   0.0 |   0.0 |   0.0 |  31.5
       Dungeon | 100.0 | 100.0 |   0.0 |   0.0 |   0.0 |  31.5
               +-------+-------+-------+-------+-------+----------------------

Table legend:
 A = Kills in this place as a percentage of kills in entire the game.
 B = Kills by you in this place as a percentage of kills by you in the entire game.
 C = Kills by friends in this place as a percentage of kills by friends in the entire game.
 D = Other kills in this place as a percentage of other kills in the entire game.
 E = Experience gained in this place as a percentage of experience gained in the entire game.
 F = Experience gained in this place divided by the number of levels of this place that you have seen.
                   A       B       C       D       E      F
               +-------+-------+-------+-------+-------+----------------------
         Total | 100.0 | 100.0 |   N/A |   N/A | 100.0 |   1.5
       Dungeon | 100.0 | 100.0 |   N/A |   N/A | 100.0 |   1.5
               +-------+-------+-------+-------+-------+----------------------

Vault maps used:
D:1:      dpeg_arrival_caged_fury
D:2:      lemuel_coloured_pillars_altar, first_ration,
          chequers_ecumenical_altar_simple_redux
